 Dungeon Crawl Stone Soup version 0.28.0-45-g0d030f2227 (webtiles) character file.

Game seed: 13763756924817080222

1628 101zpm the Thaumaturge (level 9, 0/57 HPs)
             Began as a Djinni Ice Elementalist on Apr 13, 2022.
             Was an Initiate of Dithmenos.
             Slain by an orc
             ... wielding a +0 flail
              (6 damage)
             ... on level 7 of the Dungeon.
             The game lasted 00:28:24 (9361 turns).

101zpm the Thaumaturge (Djinni Ice Elementalist)    Turns: 9361, Time: 00:28:25

Health: 0/57       AC: 13    Str:  7    XL:     9   Next: 17%
Gold:   193        EV: 32    Int: 21    God:    Dithmenos [......] SH:  0 Dex: 17

rFire   + + .      SeeInvis .   w - staff of conjuration
rCold   x . .      Faith    .   n - orb {mayhem}
rNeg    . . .      Spirit   .   a - +0 robe
rPois   ∞          Reflect  .   (no helmet)
rElec   .          Harm     .   l - +0 cloak
rCorr   .          Rampage  .   D - +1 pair of gloves {Dex+3}
Will    .....                   (boots unavailable)
Stlth   +++.......              u - amulet of the acrobat
HPRegen 0.19/turn               v - +4 ring of evasion
MPRegen 0.00/turn               (no ring)

@: ice-armoured, acrobatic, freezing walls, flying
A: sickness immunity, fire resistance 2, cold vulnerability 1, float, innate
caster, HP casting, extra vitality 1
a: Renounce Religion


You were on level 7 of the Dungeon.
You worshipped Dithmenos.
Dithmenos was noncommittal.
You visited 2 branches of the dungeon, and saw 8 of its levels.

You collected 323 gold pieces.
You spent 130 gold pieces at shops.

Inventory:

Hand Weapons
 i - a +3 short sword
 y - a +0 halberd
 A - a +1 dagger of electrocution
 F - a +4 flail
Missiles
 b - 210 stones
 f - 39 arrows
 x - 2 poisoned darts
 z - 2 datura-tipped darts
Armour
 a - a +0 robe (worn)
 l - a +0 cloak (worn)
 n - an orb of mayhem (worn)
 p - the +9 plate armour "Figraseth" {Rampage}
   (You found it on level 4 of the Dungeon)

   Rampage:   It bestows one free step when moving towards enemies.
 D - a +1 pair of gloves of dexterity (worn)
Magical Staves
 w - a staff of conjuration (weapon)
Jewellery
 u - an amulet of the acrobat (around neck)
 v - a +4 ring of evasion (left hand)
Scrolls
 c - 7 scrolls of magic mapping {unknown}
 e - 6 scrolls of identify {unknown}
 j - a scroll of fog {unknown}
 m - 5 scrolls of teleportation {unknown}
 o - a scroll of summoning {unknown}
 q - a scroll of immolation {unknown}
 s - 4 scrolls of fear {unknown}
 B - 3 scrolls of blinking {unknown}
 C - a scroll of enchant armour {unknown}
Potions
 d - 2 potions of mutation {unknown}
 h - 2 potions of cancellation {unknown}
 k - 2 potions of berserk rage {unknown}
 r - 3 potions of magic {unknown}
 t - a potion of curing {unknown}
 E - 2 potions of attraction {unknown}


   Skills:
 + Level 1.0 Fighting
 + Level 0.3 Maces & Flails
 + Level 3.6 Dodging
 + Level 3.4 Stealth
 + Level 8.4 Spellcasting


You had 3 spell levels left.
You knew the following spells:

 Your Spells              Type           Power      Damage    Failure   Level
a - Freeze                Ice            100%       1d11      1%          1
b - Frozen Ramparts       Ice            88%        1d10      1%          3
c - Ozocubu's Armour      Ice            44%        N/A       1%          3
d - Hailstorm             Conj/Ice       60%        3d13      2%          4
e - Magic Dart            Conj           100%       1d8       1%          1
f - Poisonous Vapours     Pois/Air       88%        N/A       1%          2
g - Lesser Beckoning      Tloc           44%        N/A       1%          3
h - Anguish               Hex/Necr       22%        N/A       2%          4
Your spell library was empty.

Dungeon Overview and Level Annotations

Branches:
Dungeon (7/15)             Temple (1/1) D:7

Altars:
Cheibriados
Dithmenos
Elyvilon
Fedhas
Gozag
Hepliaklqana
Kikubaaqudgha
Makhleb
Nemelex Xobeh
Okawaru
Qazlal
Ru
Sif Muna
Trog
Uskayaw
Vehumet
Wu Jian
Xom
Zin
The Shining One

Shops:
D:1 (   D:6 *


Innate Abilities, Weirdness & Mutations

You are immune to sickness and miasma.
You are immune to poison.
Your flesh is very heat resistant. (rF++)
You are vulnerable to cold. (rC-)
You float through the air rather than walking.
You learn spells naturally, not from books.
Your magical power is your life essence.
You have superior vitality. (+4 MHP)


Message History

The wall freezes the orc warrior!
The orc warrior misses you.
The orc shouts!
The wall freezes the orc warrior.
The orc warrior closely misses you.
The wall freezes the centaur.
The wall freezes the orc warrior!
The orc warrior closely misses you.
The wall freezes the orc warrior.
The orc warrior completely misses you.
The wall freezes the orc warrior.
You kill the orc warrior!
Dithmenos accepts your kill.
The orc flies into a frenzy!
The centaur shoots an arrow.
The arrow completely misses you.
The orc hits something with a +0 flail!
Dithmenos accepts your kill.
You feel a bit more experienced.
The centaur shoots an arrow.
The arrow misses you.
The orc hits the orc with a +0 flail!
The orc dies!
Dithmenos accepts your kill.
The frozen ramparts melt away.
The centaur shoots an arrow.
The arrow completely misses you.
The orc hits the centaur with a +0 flail.
The centaur shoots an arrow.
The arrow closely misses you.
The orc hits the centaur with a +0 flail!
The centaur dies!
Dithmenos accepts your kill.
Your Fighting skill increases to level 1!
Casting: Poisonous Vapours (safe; 1% risk of failure)
Confirm with . or Enter, or press ? or * to list all spells.
Casting: Frozen Ramparts (safe; 1% risk of failure)
Press: ? - help, Dir - look around, f - activate The walls around you are covered in ice.
* * * LOW HITPOINT WARNING * * *
Casting: Frozen Ramparts (safe; 1% risk of failure)
Confirm with . or Enter, or press ? or * to list all spells.
Aiming: Poisonous Vapours (safe; 1% risk of failure)
Press: ? - help, Dir - move target, f - orc
Aim: an orc, wielding a +0 flail (fast, strong, frenzied and insane) Poisonous vapours surround the orc!
The orc is poisoned.
* * * LOW HITPOINT WARNING * * *
The wall freezes the orc.
The orc hits you with a +0 flail.
You die...

############
...........#
#####(8###<# # #.>#
#.# ##.
######8###.# #.#
### ...[........
... ...
....######.# #.#
#.###.> #.#.# #.#
#.##o)))... .##.#
#.# #.#@# ###.# #.#
#..## # #.#
#.###.##
###.######......##
.................#
###.##########.#..#
###.# #.#..# ....#
#.#...# ##### #..
....


You could see a neutral orc (fast, strong, insane, very poisoned).

Vanquished Creatures
  2 water moccasins
  An orc warrior (D:7)
  A black bear (D:5)
  A necrophage (D:6)
  An ogre (D:5)
  2 bullfrogs (D:6)
  A gnoll sergeant (D:5)
  3 scorpions
  A water moccasin skeleton (D:5)
  A bullfrog zombie (D:7)
  2 jellies
  A centaur skeleton (D:6)
  3 hounds
  An iguana (D:4)
  Terence (D:3)
  A hound skeleton (D:5)
  A howler monkey zombie (D:5)
  10 gnolls
  8 adders
  A howler monkey skeleton (D:5)
  A white imp (D:6)
  A worm (D:4)
  A dart slug (D:3)
  9 orcs
  5 ball pythons
  5 endoplasms
  A giant cockroach (D:3)
  5 hobgoblins
  2 jackals (D:1)
  2 quokkas
  4 bats
  6 frilled lizards
  8 goblins
  7 kobolds
  4 rats
104 creatures vanquished.

Vanquished Creatures (collateral kills)
  A centaur (D:7)
  2 orcs (D:7)
3 creatures vanquished.

Vanquished Creatures (others)
  A gnoll (D:5)
1 creature vanquished.

Grand Total: 108 creatures vanquished

Notes
Turn   | Place    | Note
-------+----------+-------------------------------------------
     0 | D:1      | 101zpm the Djinni Ice Elementalist began the quest for the
                  | Orb.
     0 | D:1      | Reached XP level 1. HP: 15/15 MP: 0/0
   351 | D:1      | Found Natro's Weapon Boutique.
   358 | D:1      | Reached XP level 2. HP: 15/21 MP: 0/0
  1025 | D:3      | Noticed Terence
  1042 | D:2      | Reached skill level 4 in Spellcasting
  1042 | D:2      | Reached XP level 3. HP: 18/25 MP: 0/0
  1042 | D:2      | Learned a level 1 spell: Magic Dart
  2073 | D:1      | Reached XP level 4. HP: 14/31 MP: 0/0
  2614 | D:3      | Found a glowing golden altar of the Shining One.
  3229 | D:3      | Killed Terence
  3230 | D:3      | Reached XP level 5. HP: 26/35 MP: 0/0
  3230 | D:3      | Learned a level 2 spell: Poisonous Vapours
  3924 | D:4      | Identified the +9 plate armour "Figraseth" {Rampage}
  3980 | D:4      | Reached skill level 5 in Spellcasting
  3980 | D:4      | Reached XP level 6. HP: 23/41 MP: 0/0
  4883 | D:4      | Found a shadowy altar of Dithmenos.
  4896 | D:4      | Became a worshipper of Dithmenos the Shadowed
  5024 | D:4      | Found a sacrificial altar of Ru.
  5328 | D:5      | Entered Level 5 of the Dungeon
  5372 | D:5      | Noticed a water moccasin
  5379 | D:5      | Killed a water moccasin
  5380 | D:5      | Reached XP level 7. HP: 31/46 MP: 0/0
  5380 | D:5      | Learned a level 3 spell: Lesser Beckoning
  5677 | D:5      | Found a glowing silver altar of Zin.
  5677 | D:5      | Found a blossoming altar of Fedhas.
  5822 | D:5      | Reached skill level 6 in Spellcasting
  6474 | D:5      | Reached XP level 8. HP: 43/51 MP: 0/0
  7389 | D:6      | Found Cilyar's Assorted Antiques.
  7413 | D:6      | Reached skill level 7 in Spellcasting
  7495 | D:6      | Bought a scroll labelled GYB ARUAQUO for 26 gold pieces
  7495 | D:6      | Bought 3 scrolls labelled OROBOF HIOMOSHY for 78 gold
                  | pieces
  7495 | D:6      | Bought a scroll labelled BOIDIC SUAWN for 26 gold pieces
  8304 | D:6      | Found a bloodstained altar of Trog.
  8822 | D:7      | Found a staircase to the Ecumenical Temple.
  8838 | Temple   | Entered the Ecumenical Temple
  9130 | D:7      | Reached XP level 9. HP: 48/56 MP: 0/0
  9130 | D:7      | Learned a level 4 spell: Anguish
  9243 | D:7      | Reached skill level 8 in Spellcasting
  9359 | D:7      | Reached skill level 1 in Fighting
  9361 | D:7      | Slain by an orc

Illustrated notes

Levels and vault maps discovered:
D:1:      co_arrival_random_square_maze, layout_rooms, serial_shops,
          nicolae_shop_stone
D:2:      layout_basic, minmay_pentomino_p4
D:3:      layout_loops_ring, lemuel_doored_altar, nrook_mini_backslash,
          uniq_terence
D:4:      layout_basic, kennysheep_mini_moat, lemuel_crystal_altar
D:5:      layout_basic, chequers_temple_overflow_statue_of_worship
D:6:      layout_rooms, gammafunk_temple_overflow_wave, serial_shops,
          nicolae_shop_waterfront, minmay_misc_feat_encased
D:7:      layout_loops_ring, temple_statues, hellmonk_bongcloud_opening,
          uniq_maggie
Temple:   nicolae_temple_figure_eight

Skill      XL: |  1  2  3  4  5  6  7  8  9 |
---------------+----------------------------+-----
Spellcasting   | 4 5 6 7 8 |  8.4
Stealth        | 2 3 |  3.4
Dodging        | 3 |  3.6
Fighting       | 1 |  1.0
Maces & Flails | |  0.3

Action                   |  1- 3 |  4- 6 |  7- 9 || total
-------------------------+-------+-------+-------++-------
Melee: Unarmed           |     1 |       |       ||     1
       Mace              |     9 |     8 |       ||    17
 Cast: Freeze            |    37 |    14 |     3 ||    54
       Magic Dart        |       |    59 |    87 ||   146
       Frozen Ramparts   |       |    10 |    26 ||    36
       Poisonous Vapours |       |    19 |    34 ||    53
       Ozocubu's Armour  |       |     1 |     6 ||     7
       Lesser Beckoning  |       |       |     1 ||     1
       Anguish           |       |       |     3 ||     3
Armor: Robe              |     6 |     3 |     8 ||    17
Dodge: Dodged            |    27 |    27 |    53 ||   107
